 Dungeon Crawl Stone Soup version 0.26-a0-712-ga5a9c9c9d0 (webtiles) character file.

Game seed: 678339103281475219

31406 Arthanis the Cleaver (level 13, -3/87 HPs)
             Began as a Gargoyle Berserker on Nov 4, 2020.
             Was a High Priest of Trog.
             Killed by divine providence
             ... invoked by a meliai
              (17 damage)
             ... on level 14 of the Dungeon.
             The game lasted 00:20:27 (11684 turns).

Arthanis the Cleaver (Gargoyle Berserker)          Turns: 11684, Time: 00:20:28

Health: -3/87      AC: 27    Str: 23    XL:     13   Next: 57%
Magic:  4/4        EV:  8    Int: 11    God:    Trog [*****.]
Gold:   1001       SH:  0    Dex:  9    Spells: 12/12 levels left

rFire    . . .     SeeInvis +   K - +7 battleaxe (antimagic)
rCold    . . .     Faith    .   (shield currently unavailable)
rNeg     + . .     Spirit   .   l - +0 plate armour
rPois    ∞         Reflect  .   O - +0 helmet
rElec    +         Harm     .   h - +0 cloak
rCorr    .         Rampage  .   (no gloves)
MR       ++...                  D - +0 pair of boots
Stlth    ..........             d - amulet of regeneration
HPRegen  1.64/turn              G - ring of see invisible
MPRegen  0.09/turn              (no ring)

@: about to teleport, berserk cooldown, regenerating (expiring), slowed, very
slow
A: negative energy resistance 1, electricity resistance, unbreathing,
petrification resistance, rot immunity, AC +9
a: Berserk, Trog's Hand, Brothers in Arms, Renounce Religion


You were on level 14 of the Dungeon.
You worshipped Trog.
Trog was extremely pleased with you.
You visited 1 branch of the dungeon, and saw 14 of its levels.

You collected 1502 gold pieces.
You spent 501 gold pieces at shops.

Inventory:

Hand Weapons
 a - a +0 hand axe
 m - a +2 quarterstaff of chaos
 s - a +2 vorpal hand axe
 B - a +0 spear
 F - a +1 broad axe
 H - a cursed +5 hand axe of freezing
 I - a +3 mace of freezing
 K - a +7 antimagic battleaxe (weapon)
 N - a +3 antimagic executioner's axe
Missiles
 A - a throwing net (quivered)
Armour
 h - a +0 cloak (worn)
 l - a +0 plate armour (worn)
 p - a +2 robe of resistance
 q - a +2 tower shield
 D - a +0 pair of boots (worn)
 O - a +0 helmet (worn)
Jewellery
 d - an amulet of regeneration (around neck)
 G - a ring of see invisible (left hand)
 J - an uncursed ring of fire
Wands
 r - a wand of paralysis (22)
 w - a wand of enslavement (11)
 Q - a wand of flame (11)
Scrolls
 c - 6 scrolls of teleportation
 e - 3 scrolls of fog
 f - a scroll of identify
 i - 12 scrolls of remove curse
 t - 2 scrolls of enchant weapon
 u - 2 scrolls of enchant armour
 v - 5 scrolls of magic mapping
 y - 5 scrolls of blinking
Potions
 b - a potion of berserk rage
 g - 11 potions of curing
 j - 3 potions of stabbing
 n - 2 potions of mutation
 o - 3 potions of lignification
 z - 2 potions of might
 P - 3 potions of flight


   Skills:
 + Level 12.5 Fighting
 * Level 14.3 Axes
 + Level 8.7 Armour
 + Level 3.2 Dodging
 - Level 4.0 Shields
 + Level 7.2 Evocations


You had 12 spell levels left.
You didn't know any spells.
Your spell library contained the following spells:

 Spells                   Type           Power        Failure   Level
 Beastly Appendage        Tmut           #.....       99%         1
 Wereblood                Tmut           #.......     100%        2
 Spider Form              Tmut/Pois      #.........   100%        3
 Ice Form                 Ice/Tmut       #.......     100%        4
 Blade Hands              Tmut           #.........   100%        5


Dungeon Overview and Level Annotations

Branches:
Dungeon (14/15)            Temple (0/1) D:5            Lair (0/6) D:9
    Orc (0/2) D:9
 Vaults: D:13-14

Altars:
The Shining One
Beogh

Shops:
D:5 [[[[?   D:12 [   D:13 *

Annotations:
D:9 3 runed translucent doors, kae's ghost, novice NaTm


Innate Abilities, Weirdness & Mutations

You are resistant to torment.
Your stone body is resilient. (AC +9)
You are immune to poison.
You resist negative energy. (rN+)
You are resistant to electric shocks. (rElec)
You can survive without breathing.
You are immune to petrification.
You are immune to rotting.


Message History

* * * LOW HITPOINT WARNING * * *
The purple ugly thing gores you.
* * * LOW HITPOINT WARNING * * *
The meliai calls down the wrath of its god upon you.
Something smites you!
* * * LOW HITPOINT WARNING * * *
You see here an ugly thing corpse.
You feel a strong urge to attack something.
You are no longer berserk.
Trog's vigour flows through your veins.
You are exhausted.
You feel yourself slow down.
You feel the effects of Trog's Hand fading.
You see here an arrow.
As you read the scroll of teleportation, it crumbles to dust.
You feel strangely unstable.
The purple ugly thing barely misses you.
The meliai invokes the aid of its god against you.
Something smites you!
You die...

############.......(..#
#
..........#....########
..........#.####
............###########
...........##.........#
...........##.........#
###.....##.#...)......#
#.....##.......y....##.#
#........##..@(uy......#
#.......########)###.###
#......## #(# #......#
#.........# #......#
#.....y..### #......#
#..........# ###
#.......y...#
#...........#
#...?........


You could see a purple ugly thing and 2 meliai.

Vanquished Creatures
  Nessos (D:12)
  Snorg (D:10)
  Harold (D:7)
  A boulder beetle (D:13)
  3 two-headed ogres
  A centaur warrior (D:14)
  Erica (D:10)
  Nergalle (D:10)
  4 skeletal warriors (D:11)
  Pikel (D:5)
  7 ugly things
  5 cyclopes
  Joseph (D:7)
  A gargoyle (D:6)
  2 kobold demonologists
  A komodo dragon (D:12)
  A hornet (D:6)
  4 trolls
  3 slime creatures (D:12)
  A spriggan (shapeshifter) (D:13)
  A vampire (D:14)
  2 wraiths (D:12)
  A wyvern (D:12)
  A basilisk (D:12)
  20 yaks
  2 vampire mosquitoes (D:10)
  Menkaure (D:4)
  A soldier ant (D:13)
  An acid dragon (D:12)
  6 water moccasins
  6 sky beasts
  An eye of draining (D:12)
  6 ice beasts
  A necrophage (D:12)
  6 orc warriors
  3 phantoms
  A black bear (D:9)
  10 centaurs
  6 ogres
  A big kobold (D:13)
  14 bullfrogs
  A water moccasin zombie (D:9)
  4 wyvern skeletons
  9 scorpions
  9 killer bees
  9 wights
  An electric eel (D:11)
  4 howler monkeys
  6 crimson imps (D:10)
  3 bullfrog zombies
  4 centaur zombies
  5 hounds
  A quasit (D:8)
  2 bullfrog skeletons
  6 jellies
  9 orc priests
  18 orc wizards
  A gnoll shaman (D:7)
  Crazy Yiuf (D:2)
  2 centaur skeletons
  Jessica (D:3)
  2 iguanas
  8 worker ants
  2 hound skeletons
  15 gnolls
  15 adders
  3 shadow imps (D:10)
  9 white imps
  3 ufetubi
  An adder skeleton (D:7)
  3 worms
  A dart slug (D:4)
  4 leopard geckos
  51 orcs
  2 ball pythons
  9 giant cockroaches
  7 hobgoblins
  12 jackals
  12 kobolds
  4 quokkas
  5 bats
  A frilled lizard (D:1)
  4 goblins
  A quokka zombie (D:7)
  6 rats
408 creatures vanquished.

Vanquished Creatures (others)
  34 fungi (D:9)
  34 plants (D:9)
68 creatures vanquished.

Grand Total: 476 creatures vanquished

Notes
Turn   | Place    | Note
-------+----------+-------------------------------------------
     0 | D:1      | Arthanis the Gargoyle Berserker began the quest for the
                  | Orb.
     0 | D:1      | Reached XP level 1. HP: 14/14 MP: 1/1
    80 | D:1      | Reached XP level 2. HP: 16/19 MP: 2/2
   223 | D:1      | Reached skill level 3 in Axes
   841 | D:2      | Reached XP level 3. HP: 23/23 MP: 3/3
  1233 | D:2      | Reached ** piety under Trog
  1406 | D:2      | Reached XP level 4. HP: 28/29 MP: 4/4
  1598 | D:2      | Found a runed translucent door.
  1599 | D:2      | Noticed Crazy Yiuf
  1609 | D:2      | Killed Crazy Yiuf
  1880 | D:3      | Noticed Jessica
  1884 | D:3      | Killed Jessica
  1884 | D:3      | Reached skill level 4 in Axes
  1884 | D:3      | Reached XP level 5. HP: 33/33 MP: 5/5
  1897 | D:3      | You fall into a shaft and drop 2 floors!
  1897 | D:5      | Entered Level 5 of the Dungeon
  1904 | D:5      | Noticed a sky beast
  1922 | D:5      | Found Ettefur's Armour Shoppe.
  1945 | D:5      | Killed a sky beast
  1945 | D:5      | Reached XP level 6. HP: 39/39 MP: 6/6
  1963 | D:5      | Bought a +2 tower shield for 198 gold pieces
  2064 | D:5      | Found a staircase to the Ecumenical Temple.
  2074 | D:5      | Noticed a phantom
  2080 | D:5      | Noticed Pikel
  2110 | D:5      | Killed Pikel
  2110 | D:5      | Reached skill level 5 in Fighting
  2110 | D:5      | Reached skill level 5 in Axes
  2110 | D:5      | Reached XP level 7. HP: 44/44 MP: 7/7
  2142 | D:5      | Reached skill level 6 in Axes
  2142 | D:5      | Reached XP level 8. HP: 50/50 MP: 8/8
  2151 | D:5      | Found Xygaodup's Armour Boutique.
  2165 | D:5      | Found Raoh's Antique Armour Shoppe.
  2175 | D:4      | Noticed Menkaure
  2179 | D:4      | Killed Menkaure
  2179 | D:4      | Reached skill level 5 in Armour
  2351 | D:4      | Reached *** piety under Trog
  3426 | D:5      | Found Loxkeq's Armour Shoppe.
  3432 | D:5      | Reached skill level 7 in Axes
  3546 | D:5      | Reached XP level 9. HP: 56/56 MP: 9/9
  3641 | D:5      | Found Homuj's Magic Scroll Boutique.
  3644 | D:5      | Bought a scroll of remove curse for 45 gold pieces
  3644 | D:5      | Bought a scroll of identify for 30 gold pieces
  3644 | D:5      | Bought a scroll of magic mapping for 52 gold pieces
  4253 | D:6      | Reached **** piety under Trog
  4595 | D:6      | Noticed a gargoyle
  4604 | D:6      | Reached skill level 8 in Axes
  4605 | D:6      | Killed a gargoyle
  4631 | D:6      | Noticed a hornet
  4631 | D:6      | Noticed a troll
  4666 | D:6      | Killed a hornet
  4666 | D:6      | Reached skill level 9 in Axes
  4687 | D:6      | Killed a troll
  4687 | D:6      | Reached XP level 10. HP: 57/65 MP: 10/10
  4839 | D:7      | Noticed Harold
  4982 | D:7      | Killed Harold
  4982 | D:7      | Reached skill level 10 in Axes
  5268 | D:7      | Noticed Joseph
  5285 | D:7      | Killed Joseph
  5893 | D:8      | Reached ***** piety under Trog
  5893 | D:8      | Reached skill level 1 in Evocations
  6463 | D:9      | Reached skill level 11 in Axes
  6465 | D:9      | Reached XP level 11. HP: 70/72 MP: 11/11
  6560 | D:9      | Received a gift from Trog
  6573 | D:9      | Found a staircase to the Lair.
  6624 | D:9      | Reached skill level 10 in Fighting
  6826 | D:9      | Found a glowing golden altar of the Shining One.
  6933 | D:9      | Found a staircase to the Orcish Mines.
  7458 | D:9      | Found a runed translucent gate.
  7458 | D:9      | Noticed kae's ghost (novice NaTm)
  7459 | D:9      | Identified the +4 chain mail of Nosoalaogo {Dex+6}
  7459 | D:9      | Found a runed translucent gate.
  7460 | D:9      | Found a runed translucent gate.
  7466 | D:9      | Found a roughly hewn altar of Beogh.
  7846 | D:10     | Entered Level 10 of the Dungeon
  7939 | D:10     | Received a gift from Trog
  8084 | D:10     | Noticed Snorg
  8095 | D:10     | Killed Snorg
  8146 | D:10     | Noticed Erica
  8156 | D:10     | Killed Erica
  8156 | D:10     | Reached skill level 12 in Axes
  8217 | D:10     | Noticed Nergalle
  8226 | D:10     | Killed Nergalle
  9151 | D:11     | Noticed a two-headed ogre
  9161 | D:11     | Killed a two-headed ogre
  9161 | D:11     | Reached XP level 12. HP: 79/79 MP: 4/12
  9253 | D:11     | Received a gift from Trog
  9300 | D:11     | Reached skill level 5 in Evocations
  9577 | D:11     | Reached skill level 13 in Axes
  9873 | D:12     | Found Ommeser's Antique Armour Shoppe.
  9889 | D:12     | Bought a runed scarf for 176 gold pieces
  9972 | D:12     | Noticed Nessos
  9972 | D:12     | Noticed a two-headed ogre
  9993 | D:11     | Killed a two-headed ogre
 10108 | D:12     | Killed Nessos
 10359 | D:12     | Reached XP level 13. HP: 61/86 MP: 4/13
 10788 | D:13     | Received a gift from Trog
 10789 | D:13     | Found Taniexua's Changing Room.
 10941 | D:13     | HP: 2/86 [cyclops/large rock (31)]
 11056 | D:13     | Reached skill level 14 in Axes
 11684 | D:14     | Killed from afar by a meliai

Illustrated notes

Levels and vault maps discovered:
D:1:      scummos_arrival_star, layout_loops_ring,
          chequers_serial_rivers_micro_d
D:2:      layout_loops_ring, minmay_joined_circles, uniq_crazy_yiuf_cottage
D:3:      layout_basic, uniq_jessica
D:4:      layout_basic, uniq_menkaure
D:5:      layout_rooms, minmay_temple_entry_statues_fountains, serial_shops,
          shop_coins, nicolae_shop_trees, shop_statue, kennysheep_mini, shop,
          kennysheep_generic_room_2, uniq_pikel
D:6:      minmay_klotski, layout_basic
D:7:      minmay_flawed_box, layout_basic, uniq_joseph, uniq_harold
D:8:      layout_cave_pods
D:9:      layout_irregular_city, nicolae_tso_carved_into_rock,
          due_lair_maze_entry_diamond, orc_0_dummy, biasface_ghost_orc_armoury,
          minmay_misc_feat_encased
D:10:     layout_stronghold, st_stairs_1, minmay_nine_imps, uniq_nergalle,
          uniq_snorg, uniq_erica
D:11:     cheibrodos_helix_gallery, layout_basic
D:12:     layout_cave_pools, serial_shops, shop, uniq_nessos
D:13:     layout_roguey, nicolae_transmutations_shop
D:14:     layout_rooms, skrybe_vaults_entry_preservation,
          evilmike_ruin_ashenzari

Skill      XL: |  1  2  3  4  5  6  7  8  9 10 11 12 13 |
---------------+----------------------------------------+-----
Axes           | 3 4 5 6 7 9 11 12 13 14 | 14.3
Dodging        | 2 3 |  3.2
Fighting       | 4 5 6 8 9 10 12 | 12.5
Armour         | 3 4 6 8 |  8.7
Shields        | 2 4 |  4.0
Evocations     | 1 4 6 7 |  7.2

Action                   |  1- 3 |  4- 6 |  7- 9 | 10-12 | 13-15 || total
-------------------------+-------+-------+-------+-------+-------++-------
Melee: Hand axe          |    97 |   108 |   265 |   318 |       ||   788
       Broad axe         |       |       |       |   180 |       ||   180
       Battleaxe         |       |       |       |   210 |   146 ||   356
Invok: Berserk           |     2 |     4 |     8 |    17 |     4 ||    35
       Trog's Hand       |       |       |       |     5 |     3 ||     8
  Use: Scroll            |       |       |    12 |     9 |     2 ||    23
Armor: Animal skin       |    29 |       |       |       |       ||    29
       Scale mail        |     7 |    47 |    34 |       |       ||    88
       Chain mail        |       |       |    47 |       |       ||    47
       Plate armour      |       |       |    54 |   509 |   110 ||   673
Dodge: Dodged            |    59 |    41 |    26 |   142 |    53 ||   321
Block: Tower shield      |       |    13 |   238 |   440 |       ||   691

Table legend: (Time is in decaauts)
 A = Elapsed time spent in this place.
 B = Non-inter-level travel time spent in this place.
 C = Inter-level travel time spent in this place.
 D = Time resting spent in this place.
 E = Time spent auto-exploring this place.
 F = Levels seen in this place.
 G = Mean time per level.
                   A        B        C        D        E       F      G
               +--------+--------+--------+--------+--------+-----+--------+
         Total |  12028 |  11582 |    446 |    110 |   8599 |  14 |  859.1 |
       Dungeon |  12028 |  11582 |    446 |    110 |   8599 |  14 |  859.1 |
               +--------+--------+--------+--------+--------+-----+--------+

Top non-repeatable levels by time:
     D:9: 1412 daAuts
    D:10: 1343 daAuts
     D:6: 1078 daAuts
     D:4: 976 daAuts
     D:2: 976 daAuts
     D:7: 961 daAuts
    D:12: 896 daAuts
    D:13: 851 daAuts
    D:11: 791 daAuts
     D:5: 749 daAuts
     D:8: 746 daAuts
     D:1: 736 daAuts
     D:3: 432 daAuts
    D:14: 75 daAuts
